Map: Ley Lines

Players

KimChiLoVer - Winner!

  • Race: Terran Terran
  • League: Diamond
  • Spawn Location: 7:00

VOD

Have the link to the VOD?

Description

Time

  • Played on: Oct. 26, 2025, 10 p.m.
  • Length: 8:40
Show
View Real Time Build Order
Export as new Build Order

KimChiLoVer Terran - Winner!

Build Orders: Reaper Expand, Hellion Banshee 

Get SALT Encoding   

  12  0:03  SCV  
  12  0:15  SCV  
  12  0:18  Supply Depot  
  12  0:27  SCV  
  12  0:40  SCV  
  12  0:43  Barracks  
  12  0:45  Refinery  
  12  0:52  SCV  
  12  1:04  SCV  
  12  1:16  SCV  
  12  1:30  Orbital Command  
  12  1:32  Reaper  
  12  1:41  Command Center  
  12  1:53  Supply Depot  
  12  1:56  SCV  
  12  2:05  Marine  
  12  2:07  Factory  
  12  2:09  SCV  
  12  2:14  Refinery  
  12  2:21  SCV  
  12  2:25  Barracks Reactor  
  12  2:33  SCV  
  12  2:45  SCV  
  12  2:55  Orbital Command  
  12  2:58  Supply Depot  
  12  2:59  SCV  
  12  3:11  SCV  
  12  3:14  Starport, Hellion x2  
  12  3:19  Marine  
  12  3:23  SCV  
  12  3:24  SCV  
  12  3:25  Supply Depot  
  12  3:35  SCV, Hellion  
  12  3:36  SCV, Hellion  
  12  3:37  Barracks Tech Lab  
  12  3:47  SCV  
  12  3:49  SCV  
  12  4:03  Banshee  
  12  4:04  Cloaking Field  
  12  4:06  Hellion x2  
  12  4:13  Command Center  
  12  4:16  SCV  
  12  4:19  Supply Depot, SCV  
  12  4:34  SCV  
  12  4:35  SCV  
  12  4:39  Factory Tech Lab  
  12  4:41  Marine x2  
  12  4:46  Barracks  
  12  4:47  SCV  
  12  4:48  Barracks, SCV  
  12  4:53  Factory Reactor  
  12  4:59  Marine x2  
  12  5:01  Engineering Bay, SCV  
  12  5:04  Refinery, Engineering Bay  
  12  5:05  Refinery, SCV  
  12  5:08  Banshee  
  12  5:14  SCV  
  12  5:17  SCV  
  12  5:20  Supply Depot  
  12  5:23  Marine  
  12  5:24  Marine  
  12  5:26  SCV  
  12  5:29  SCV  
  12  5:32  Orbital Command  
  12  5:40  Terran Infantry Armor Level 1, Terran Infantry Weapons Level 1  
  12  5:54  Barracks Tech Lab, SCV x2  
  12  6:00  Marine  
  12  6:01  Marine  
  12  6:04  SCV  
  12  6:06  SCV  
  12  6:07  SCV  
  12  6:09  Factory Tech Lab  
  12  6:10  Marine  
  12  6:12  Medivac x2  
  12  6:14  Orbital Command  
  12  6:18  SCV, Marine  
  12  6:19  SCV  
  12  6:33  Marine x3  
  12  6:34  Siege Tank  
  12  6:36  Marine  
  12  6:41  Barracks  
  12  6:42  Barracks  
  12  6:43  Barracks  
  12  6:44  Combat Shield, Stimpack  
  12  6:56  Marine x4  
  12  6:57  Medivac x2  
  12  6:59  Supply Depot, Armory  
  12  7:00  Supply Depot  
  12  7:06  SCV x3  
  12  7:07  Siege Tank  
  12  7:14  Marine x2  
  12  7:20  Marine x2  
  12  7:21  SCV x2  
  12  7:24  Supply Depot  
  12  7:25  Supply Depot  
  12  7:30  Barracks Reactor x2  
  12  7:32  Marine x2  
  12  7:33  Barracks Reactor  
  12  7:35  SCV x2  
  12  7:38  Marine x2  
  12  7:39  Siege Tank, Supply Depot  
  12  7:40  Supply Depot  
  12  7:43  Supply Depot, SCV  
  12  7:47  SCV  
  12  7:48  Medivac  
  12  7:50  Marine x2  
  12  7:55  SCV  
  12  7:56  Marine x2  
  12  8:01  Supply Depot  
  12  8:05  Supply Depot  
  12  8:07  Marine x2  
  12  8:08  Marine x3  
  12  8:10  Marine x2  
  12  8:13  Marine  
  12  8:14  Marine x2  
  12  8:21  Barracks  
  12  8:24  Barracks  
  12  8:27  Supply Depot  
  12  8:28  Supply Depot  
  12  8:34  Supply Depot  
  12  8:35  Supply Depot  
Tags
 
Add a new tag
Caveats
  • Supply blocks, unpowered buildings, or Contaminate may cause inaccurate times.
  • Supply counts are checked every 10 seconds.